Map: Ephemeron LE

Players

Kilshais - Winner!

  • Race: Terran Terran
  • League: Master
  • Spawn Location: 5:00

Mez

  • Race: Terran Terran
  • League: Master
  • Spawn Location: 11:00

VOD

Have the link to the VOD?

Description

Time

  • Played on: Aug. 23, 2019, 5:58 p.m.
  • Length: 12:31
Show
View Real Time Build Order
Export as new Build Order

Kilshais Terran - Winner!

Build Orders:  

Get SALT Encoding   

  12  0:00  SCV  
  13  0:13  SCV  
  14  0:18  Supply Depot  
  14  0:25  SCV  
  15  0:32  Refinery  
  15  0:40  SCV  
  16  0:47  Barracks  
  16  0:52  SCV  
  17  1:03  Refinery  
  17  1:05  SCV  
  18  1:17  SCV  
  19  1:33  Orbital Command  
  19  1:35  Factory  
  19  1:40  Reaper  
  19  1:46  Supply Depot  
  20  1:59  SCV  
  21  2:13  Reaper  
  21  2:14  SCV  
  23  2:19  Hellion  
  25  2:26  SCV  
  25  2:29  Command Center  
  25  2:42  Hellion  
  27  2:45  SCV  
  27  2:52  Reaper  
  28  2:59  SCV  
  28  3:01  Supply Depot  
  28  3:03  Starport  
  28  3:04  Factory Tech Lab  
  29  3:11  SCV  
  30  3:17  Refinery  
  30  3:23  SCV  
  30  3:26  Barracks Reactor  
  34  3:29  Cyclone  
  34  3:36  SCV  
  35  3:48  SCV  
  36  3:54  Starport Tech Lab  
  36  4:00  SCV  
  37  4:05  Orbital Command  
  34  4:10  Marine x2  
  34  4:12  SCV  
  34  4:14  Raven  
  39  4:23  Siege Tank  
  42  4:24  SCV  
  42  4:28  Marine x2  
  45  4:31  SCV, Supply Depot  
  45  4:36  SCV  
  47  4:44  SCV  
  48  4:46  Marine x2  
  48  4:48  SCV  
  48  4:49  Supply Depot  
  51  4:56  SCV  
  51  4:57  Raven  
  52  5:00  SCV  
  52  5:03  Marine  
  52  5:04  Marine  
  52  5:05  Siege Tank  
  58  5:08  SCV  
  58  5:12  SCV, Supply Depot  
  60  5:20  SCV  
  61  5:21  Marine x2  
  61  5:24  SCV  
  61  5:27  Command Center  
  61  5:32  SCV  
  62  5:36  Supply Depot  
  62  5:37  SCV  
  62  5:39  Marine x2  
  62  5:40  Raven  
  62  5:42  Siege Tank  
  70  5:44  SCV  
  70  5:49  SCV  
  72  5:55  Barracks  
  72  5:56  SCV  
  73  5:57  Barracks  
  73  6:00  Marine x2, Refinery  
  73  6:01  SCV  
  76  6:08  SCV  
  77  6:13  SCV  
  77  6:14  Siege Tank  
  81  6:20  SCV  
  81  6:23  Engineering Bay  
  81  6:24  Engineering Bay  
  81  6:25  SCV  
  84  6:32  SCV  
  84  6:36  Viking  
  84  6:38  SCV, Marine, Stimpack, Viking  
  90  6:45  SCV  
  91  6:53  Barracks Reactor  
  91  6:54  Barracks Reactor  
  91  6:56  Orbital Command  
  91  6:57  Terran Infantry Weapons Level 1  
  91  6:59  Terran Infantry Armor Level 1  
  92  7:01  SCV x2  
  93  7:09  Viking  
  93  7:15  SCV x2  
  95  7:17  Marine, Siege Tank  
  97  7:23  SCV  
  97  7:27  SCV x2  
  96  7:34  Marine x3  
  96  7:35  Marine x2  
  101  7:43  Barracks  
  101  7:44  Barracks  
  101  7:47  Armory  
  101  7:55  SCV  
  101  7:56  SCV x2  
  98  8:06  Marine x5  
  98  8:08  SCV  
  98  8:13  SCV  
  100  8:21  SCV  
  100  8:24  Marine  
  100  8:25  Orbital Command  
  101  8:29  Sensor Tower  
  101  8:35  Refinery  
  101  8:37  Refinery  
  101  9:01  Marine  
  101  9:04  SCV  
  101  9:05  Marine  
  101  9:06  Marine x3  
  101  9:07  Siege Tank, SCV, Viking  
  101  9:08  Viking  
  95  9:16  Terran Infantry Armor Level 2, SCV x2, Terran Infantry Weapons Level 2  
  88  9:19  Marine, SCV  
  88  9:22  Marine  
  91  9:24  Marine x3  
  91  9:25  Barracks Reactor  
  94  9:32  Supply Depot  
  94  9:33  Supply Depot, Barracks Reactor  
  94  9:37  Marine, Medivac  
  94  9:38  Medivac  
  99  9:40  Marine  
  99  9:42  Marine  
  101  9:51  Marine x2, Supply Depot  
  101  9:52  Siege Tank, Supply Depot  
  106  9:55  Marine, SCV  
  106  9:56  Command Center, SCV  
  106  9:58  Marine  
  106  9:59  Supply Depot  
  110  10:02  Marine x3  
  113  10:09  Marine x2  
  113  10:10  Marine  
  114  10:18  Marine x3  
  116  10:21  Marine  
  116  10:22  Marine x2  
  116  10:23  Medivac  
  116  10:24  Medivac  
  116  10:26  SCV  
  116  10:27  Marine x3, SCV x2  
  129  10:32  Siege Tank  
  132  10:36  Marine x3  
  132  10:39  Marine  
  132  10:40  Marine x2  
  131  10:51  Marine  
  131  10:52  Marine  
  131  10:56  Marine x4  
  118  10:57  Marine  
  118  10:58  Marine  
  118  11:01  Marine  
  118  11:02  Viking x2  
  124  11:09  Marine x2  
  126  11:12  Siege Tank  
  126  11:13  Marine  
  126  11:14  Marine x3  
  126  11:15  Marine x2  
  135  11:19  Marine  
  136  11:27  Marine x2  
  136  11:28  Sensor Tower  
  136  11:31  Marine x2  
  136  11:32  Marine x2  
  142  11:33  Sensor Tower  
  141  11:42  Marine  
  141  11:43  Marine  
  141  11:47  Marine  
  141  11:48  Marine x2  
  141  11:49  Marine x3  
  141  11:50  Marine  
  148  12:00  Marine x2  
  150  12:05  Marine  
  150  12:06  Marine x2  
  150  12:07  Marine x4  
Show
View Real Time Build Order
Export as new Build Order

Mez Terran 

Build Orders: Gas First Reaper Expand 

Get SALT Encoding   

  12  0:02  SCV  
  14  0:14  SCV  
  14  0:19  Supply Depot  
  14  0:26  SCV  
  15  0:29  Refinery  
  15  0:40  SCV  
  16  0:45  Barracks  
  16  0:52  SCV  
  17  1:04  SCV  
  18  1:17  SCV  
  19  1:33  Orbital Command, Reaper  
  20  1:43  Command Center  
  20  1:54  Factory  
  20  1:59  SCV  
  21  2:08  Barracks Reactor  
  21  2:09  Supply Depot  
  21  2:12  SCV  
  22  2:18  Refinery  
  22  2:24  SCV  
  23  2:37  SCV  
  24  2:45  Marine  
  24  2:46  Marine  
  24  2:47  Hellion  
  26  2:59  Starport  
  26  3:00  SCV  
  26  3:03  Marine  
  26  3:04  Marine  
  29  3:08  Factory Tech Lab  
  29  3:10  Orbital Command  
  27  3:20  Marine  
  27  3:21  Marine  
  27  3:23  SCV  
  30  3:28  Cyclone  
  33  3:35  SCV  
  33  3:37  SCV  
  33  3:38  Starport Tech Lab  
  33  3:40  Marine x2  
  37  3:52  SCV x2  
  36  4:04  SCV x2  
  36  4:05  Refinery  
  36  4:09  Raven  
  38  4:11  Marine  
  38  4:12  Marine  
  38  4:13  Cyclone  
  43  4:17  Supply Depot  
  43  4:28  SCV x2  
  45  4:32  Marine  
  45  4:38  Marine  
  46  4:39  Supply Depot  
  46  4:40  SCV x2  
  49  4:46  Command Center  
  49  4:51  Siege Tank  
  49  4:52  Marine  
  53  4:54  SCV  
  54  5:01  Marine, SCV  
  54  5:05  Raven  
  54  5:06  SCV  
  59  5:10  Supply Depot  
  59  5:13  SCV  
  60  5:17  Barracks  
  60  5:18  SCV  
  60  5:19  Barracks  
  61  5:30  SCV  
  61  5:31  Marine x2, Siege Tank, SCV  
  68  5:35  Supply Depot  
  68  5:38  Supply Depot  
  68  5:44  SCV x2  
  70  5:57  SCV, Engineering Bay x2  
  70  5:58  Refinery  
  70  5:59  Stimpack  
  70  6:01  Medivac x2  
  70  6:04  SCV  
  76  6:16  SCV  
  76  6:17  SCV  
  75  6:20  Marine, Barracks Reactor x2  
  76  6:26  Barracks x2  
  76  6:32  Terran Infantry Weapons Level 1  
  76  6:33  Terran Infantry Armor Level 1  
  76  6:37  SCV x2  
  76  6:38  Orbital Command  
  78  6:44  Marine  
  78  6:47  Siege Tank  
  82  6:51  Supply Depot  
  82  6:53  Supply Depot  
  82  6:56  Marine x2  
  82  6:57  Marine x2  
  86  7:02  Marine  
  87  7:09  SCV  
  87  7:10  SCV x2  
  87  7:14  Marine x2  
  88  7:19  Marine  
  88  7:21  Marine, Barracks Reactor x2  
  89  7:23  Siege Tank  
  89  7:26  SCV x3  
  92  7:31  Marine  
  92  7:32  Marine x2  
  95  7:38  SCV x2  
  95  7:39  SCV, Combat Shield  
  95  7:41  Marine x2  
  95  7:42  Medivac x2  
  104  7:45  Refinery  
  104  7:46  Refinery  
  104  7:48  Supply Depot, Armory  
  104  7:50  SCV  
  104  7:51  SCV x2  
  98  8:01  Marine x3  
  98  8:02  Marine x6  
  83  8:16  Orbital Command  
  83  8:19  Marine x9  
  84  8:37  Marine x9  
  93  8:52  Siege Tank  
  93  8:53  Medivac x2  
  93  8:55  Marine  
  101  9:05  Orbital Command  
  101  9:08  Marine x8  
  83  9:12  Marine  
  80  9:20  SCV x2  
  80  9:23  Medivac x2  
  86  9:26  Marine x5  
  86  9:30  SCV  
  92  9:32  SCV x2  
  92  9:34  Siege Tank  
  92  9:38  Marine x2  
  98  9:42  SCV  
  98  9:44  SCV x2  
  98  9:45  Terran Infantry Weapons Level 2  
  102  9:47  Terran Infantry Armor Level 2  
  102  9:53  Medivac  
  104  10:08  Marine x6  
  110  10:18  Marine x2  
  110  10:19  Siege Tank  
  110  10:20  SCV  
  110  10:21  SCV  
  116  10:22  SCV  
  116  10:24  Refinery  
  116  10:25  Command Center, Factory  
  117  10:31  Medivac x2  
  117  10:33  SCV  
  122  10:38  Marine x3  
  125  10:47  Marine x2  
  125  10:48  Marine x2  
  125  10:49  Marine x2  
  123  10:55  Marine  
  100  10:57  Marine  
  100  10:58  Marine, Siege Tank  
  101  11:04  Marine  
  101  11:05  Marine x2  
  101  11:09  Factory Tech Lab  
  104  11:11  Marine x2  
  104  11:12  Barracks x2  
  104  11:13  Barracks  
  104  11:18  Marine x4  
  106  11:22  Supply Depot  
  106  11:23  Supply Depot  
  110  11:28  Marine x3  
  110  11:29  Marine  
  110  11:30  Siege Tank  
  117  11:48  Marine x9  
  126  11:54  Siege Tank  
  126  12:03  Marine x3  
  126  12:06  Marine x8  
Tags
 
Add a new tag
Caveats
  • Supply blocks, unpowered buildings, or Contaminate may cause inaccurate times.
  • Supply counts are checked every 10 seconds.